 Dungeon Crawl Stone Soup version 0.27.0-1-g7a089689b8 (webtiles) character file.

Game seed: 8908866953293329379

7 Spectrina the Magician (level 2, 0/21 HPs)
             Began as a Djinni Necromancer on Aug 17, 2021.
             Slain by a ball python (3 damage)
             ... on level 1 of the Dungeon.
             The game lasted 00:01:27 (99 turns).

Spectrina the Magician (Djinni Necromancer)           Turns: 99, Time: 00:01:28

Health: 0/21       AC:  2    Str:  7    XL:     2   Next: 5%
Gold:   0          EV:  9    Int: 16    God:
                   SH:  0    Dex: 13

rFire    + + .     SeeInvis .   c - +0 short sword (protect)
rCold    x . .     Faith    .   (no shield)
rNeg     . . .     Spirit   .   a - +0 robe
rPois    ∞         Reflect  .   (no helmet)
rElec    .         Harm     .   (no cloak)
rCorr    .         Rampage  .   (no gloves)
Will     .....                  (boots unavailable)
Stlth    ++........             (no amulet)
HPRegen  0.07/turn              (no ring)
MPRegen  0.00/turn              (no ring)

@: flying, constricted
A: sickness immunity, fire resistance 2, cold vulnerability 1, float, innate
caster, hp casting, extra vitality 1
a: no special abilities


You were on level 1 of the Dungeon.
You visited 1 branch of the dungeon, and saw 1 of its levels.

Inventory:

Hand Weapons
 c - a +0 short sword of protection (weapon)
Missiles
 b - 38 arrows
 g - 3 stones
Armour
 a - a +0 robe (worn)
Scrolls
 d - 3 scrolls of enchant weapon {unknown}
Potions
 e - a potion of ambrosia {unknown}
 f - a potion of curing {unknown}


   Skills:
 - Level 2.1 Dodging
 - Level 1.5 Stealth
 + Level 3.5 Spellcasting


You couldn't memorise any spells.
You knew the following spells:

 Your Spells              Type           Power      Damage    Failure   Level
a - Pain                  Necr           56%        1d6       4%          1
b - Animate Skeleton      Necr           28%        N/A       4%          1
c - Vampiric Draining     Necr           7%         2d7       12%         3
d - Animate Dead          Necr           7%         N/A       38%         4
e - Agony                 Necr           14%        N/A       75%         5
Your spell library was empty.

Dungeon Overview and Level Annotations

Branches:
Dungeon (1/15)

Altars:


Innate Abilities, Weirdness & Mutations

You are immune to sickness and miasma.
You are immune to poison.
Your flesh is very heat resistant. (rF++)
You are vulnerable to cold. (rC-)
You float through the air rather than walking.
You learn spells naturally, not from books.
Your magical power is your life essence.
You have superior vitality. (+4 HP)


Message History

e - a red potion
f - a smoky amethyst potion
Things that are here:
a +0 dagger; 3 stones
g - 3 stones Cast which spell? (? or * to list)
Aiming: Pain (safe; 4% risk of failure)
Press: ? - help, Shift-Dir - straight line, f - dart slug
Aim: a dart slug (chance to affect: 83%)
The dart slug writhes in agony.
Casting: Pain (safe; 4% risk of failure)
Confirm with . or Enter, or press ? or * to list all spells.
Aiming: Pain (safe; 4% risk of failure)
Press: ? - help, Shift-Dir - straight line, f/p - dart slug
Aim: a dart slug (lightly wounded, chance to affect: 83%)
The dart slug writhes in agony.
* * * LOW HITPOINT WARNING * * *
You hit the dart slug.
Your weapon exudes an aura of protection.
The dart slug is severely wounded.
You hit the dart slug but do no damage.
The dart slug is severely wounded.
The dart slug misses you.
You barely miss the dart slug.
The dart slug is severely wounded.
The dart slug bites you but does no damage.
You hit the dart slug.
You kill the dart slug!
You have reached level 2!
You see here a dart slug corpse.
A ball python comes into view.
A frilled lizard comes into view.
The ball python hisses angrily.
The ball python completely misses you. The ball python grabs you.
The ball python constricts you.
Unknown command.
You closely miss the ball python. The ball python bites you.
* * * LOW HITPOINT WARNING * * *
x2 The ball python constricts you.
The ball python bites you.
You die...

###### #♣≈♣≈≈# ##♣ ##
##♣P≈P≈≈♣ P≈♣♣♣P#
###P≈≈≈≈P≈♣♣♣♣≈≈≈≈♣♣# .
#..P≈≈≈P≈≈≈≈PP≈≈≈≈≈≈♣..
#..)....†..............
##..♣≈PPPP≈≈≈≈≈≈≈≈≈≈≈≈.≈
#..##≈≈P≈P≈≈≈≈≈≈@S≈≈P≈.≈
......≈≈≈≈≈P≈P♣≈≈≈≈l≈≈.≈
.......♣♣♣≈♣###♣♣♣♣≈≈≈.≈
.......# ### ≈≈.≈
.......# ≈.≈ .......# .≈
.......# ≈ .........#
###.......#


You could see a ball python and a frilled lizard (wandering).

Vanquished Creatures
  A dart slug (D:1)
  A hobgoblin (D:1)
  2 kobolds (D:1)
4 creatures vanquished.

Notes
Turn   | Place    | Note
-------+----------+-------------------------------------------
     0 | D:1      | Spectrina the Djinni Necromancer began the quest for the
                  | Orb.
     0 | D:1      | Reached XP level 1. HP: 15/15 MP: 0/0
    91 | D:1      | Reached XP level 2. HP: 4/21 MP: 0/0
    99 | D:1      | Slain by a ball python

Illustrated notes

Levels and vault maps discovered:
D:1:      dpeg_arrival_arbitrary_c, layout_rooms, minmay_misc_feat_square,
          minmay_misc_feat_more_columns, st_stairs_3, serial_bayou_lagoon_b

Action                   || total
-------------------------++-------
Melee: Short sword       ||     6
 Cast: Pain              ||     8
 Stab: Sleeping          ||     1
Armor: Robe              ||     1
Dodge: Dodged            ||     2
